[Event "Mitropa Cup Women 2022"]
[Site "Corte"]
[Date "2022.05.07"]
[Round "8.6"]
[White "Urh, Zala"]
[Black "Brunello, Marina"]
[Result "1/2-1/2"]
[ECO "A61"]
[WhiteElo "2315"]
[BlackElo "2349"]
[Annotator "TA"]
[PlyCount "102"]
[EventDate "2022.04.30"]
[EventType "team-tourn"]
[EventCountry "FRA"]
[SourceTitle "playchess.com"]
[Source "ChessBase"]
[SourceQuality "1"]
[WhiteTeam "Slovenia"]
[BlackTeam "Italy"]
[WhiteTeamCountry "SLO"]
[BlackTeamCountry "ITA"]
[TimeControl "40/5400+30:1800+30"]

1. d4 Nf6 2. c4 c5 3. d5 e6 4. Nc3 exd5 5. cxd5 d6 6. Nf3 g6 7. Bf4 a6 {[%emt 0:00:24] 7...Bg7 deserves study.} 8. a4 Bg7 9. e3 Bg4 {[%emt 0:01:02] A61: Modern Benoni: Nf3 without early e4.} 10. Be2 Bxf3 11. Bxf3 O-O {[%emt 0:00:08] White is slightly better.} 12. O-O Qc7 {[%emt 0:08:38] [#]} 13. Qc2 $146 ({Predecessor:} 13. Qd2 Nbd7 14. Rfc1 Rab8 15. b4 Rfe8 16. Rab1 Ne5 17. Bxe5 Rxe5 18. b5 Rbe8 {1-0 (18) Sivakumar,S (2143)-Simeonov,S (2297) Chess.com INT 2021}) 13... Nbd7 14. g3 Rab8 15. e4 Rfe8 16. Bg2 Ne5 17. Ne2 Nfd7 18. Rad1 Rec8 19. Bc1 c4 $1 20. Be3 Nd3 21. Nd4 N7c5 {[%emt 0:05:24] Pair of Knights!} 22. Rb1 ({Reject} 22. Qxc4 Nxb2 23. Qb4 Ncd3 $17) 22... b5 23. axb5 axb5 24. b4 cxb3 25. Nxb3 Nxb3 26. Qxd3 Nc5 27. Qd2 Qe7 ({Black should play} 27... Na4 $1 $15) 28. f3 Na4 29. Rf2 Nc3 ({Better is} 29... Qb7 $17) 30. Rb3 $15 Ra8 31. Bd4 (31. Bh3 $11 {remains equal.} Rc7 32. Qd3) 31... Ra1+ 32. Bf1 Bxd4 33. Qxd4 {[%emt 0:00:02] [#]} Qc7 (33... Rd1 $1 $15 {stays ahead.} 34. Qb6 Rc1) 34. Rc2 $18 b4 35. Rxb4 (35. Qxb4 $18 {and the rest is easy.} Qa7+ 36. Qb6) 35... Qc5 $16 36. Kg2 Qxd4 37. Rxd4 Rc5 38. Rdd2 f6 {[%emt 0:01:44] [#]} (38... Kg7 $16 {keeps fighting.}) 39. Bd3 (39. Rb2 $1 $18) 39... Na4 40. Rxc5 Nxc5 {[%emt 0:00:09][%mdl 4096] Endgame KRB-KRN} 41. Bb5 Kf7 42. Bc6 Ra3 43. Rb2 Nb3 44. f4 Ke7 45. Kh3 h5 46. Kh4 {[%emt 0:04:24] Hoping for f5.} Nd4 {[%emt 0:01:56] Prevents f5.} 47. Kh3 g5 (47... Nb3 $11) 48. Kg2 (48. Rb7+ $16 Kf8 49. fxg5 fxg5 50. Rh7) 48... gxf4 $11 {[%emt 0:11:39] The position is equal.} 49. gxf4 Re3 50. Rb7+ Kf8 51. Rb8+ Kg7 {[%emt 0:00:34] Blacks defense is rewarded with a draw.  Weighted Error Value: White=0.22 (precise) /Black=0.27 (precise)} 1/2-1/2

[Event "Mitropa Cup Women 2022"]
[Site "Corte"]
[Date "2022.05.07"]
[Round "8.6"]
[White "Bashylina, Luisa"]
[Black "Heinatz, Gundula"]
[Result "0-1"]
[ECO "D17"]
[WhiteElo "1981"]
[BlackElo "2117"]
[Annotator "TA"]
[PlyCount "120"]
[EventDate "2022.04.30"]
[EventType "team-tourn"]
[EventCountry "FRA"]
[SourceTitle "playchess.com"]
[Source "ChessBase"]
[SourceQuality "1"]
[WhiteTeam "Germany"]
[BlackTeam "Switzerland"]
[WhiteTeamCountry "GER"]
[BlackTeamCountry "SUI"]
[TimeControl "40/5400+30:1800+30"]

1. d4 d5 2. c4 c6 3. Nf3 Nf6 4. Nc3 dxc4 5. a4 Bf5 6. Ne5 Nbd7 7. Nxc4 Qc7 8. g3 e5 9. dxe5 Nxe5 10. Bf4 Nfd7 11. Bg2 f6 12. Rc1 {[%emt 0:10:47] D17: Slav Defence: 5 a4 Bf5: Lines with 6 Nh4 and 6 Ne5.} (12. O-O $11) 12... Rd8 $15 13. Nxe5 Nxe5 (13... fxe5 14. Bg5 $11) 14. Qb3 {[%emt 0:04:59] Black is better.} Qf7 15. Qxf7+ Kxf7 16. O-O {[%emt 0:03:39] [#]} Be7 $146 ({Predecessor:} 16... g5 17. Bxe5 fxe5 18. Ne4 Bxe4 19. Bxe4 Rd4 20. Bc2 Bd6 21. e3 Rd2 22. Rfd1 Rxd1+ 23. Rxd1 {1-0 (55) Koksal,E (2328)-Galunova,T (2151) Sunny Beach 2015}) 17. Be3 a6 18. Ne4 h5 19. h3 Rhe8 20. f4 Nd7 21. Bf2 Bf8 22. Nc3 (22. Rc4 $15) 22... Nc5 $17 23. Rfd1 {[%emt 0:05:15] Inhibits Rd2.} Nb3 24. Rxd8 Rxd8 25. Re1 Rd2 26. e4 Be6 27. f5 Bc4 28. Nd1 (28. Rd1 $17) 28... Nc5 (28... Bb4 $19 29. Bf3 h4 30. Bh5+ Kf8) 29. Be3 Rc2 30. Bf3 g6 (30... Nxa4 $19 {...Bb4 is the strong threat.} 31. Bxh5+ Kg8) 31. fxg6+ ({White should play} 31. h4) 31... Kxg6 32. Bd4 Nd3 ({Not} 32... Nxa4 33. Ne3 Rd2 34. Rd1 Rxd1+ 35. Bxd1 $15) 33. Re2 (33. Rf1 {was the only chance.} Ne5 34. Ne3 Bxf1 35. Nxc2 Bxh3 36. Be2) 33... Rc1 $19 34. Rd2 Bb4 (34... Bh6 $142 35. Rxd3 Bxd3) 35. Bc3 Bc5+ 36. Kh2 b5 {[%emt 0:02:57] Black is more active.} 37. Be2 (37. b3 $2 Ne1 $1 38. Be2 (38. Bxh5+ $2 Kxh5 39. g4+ Kg6 $19) 38... Bxe2 39. Rxe2 Nf3+ 40. Kg2 Rxd1 $19) (37. e5 $17 {might work better.} Nxe5 38. Bxe5 fxe5 39. Bxc6) 37... Ne5 38. Bxe5 fxe5 39. Nc3 (39. Bxc4 {was necessary.} Rxc4 40. axb5 cxb5 41. Re2) 39... Bxe2 40. Nxe2 {[%emt 0:00:47][%mdl 4096] Endgame KRB-KRN} Rc4 41. axb5 axb5 (41... cxb5 $19 {aiming for ...a5.} 42. Kh1 Rxe4) 42. Nc3 $2 (42. Kg2 $17 {was the only defense.}) 42... b4 $1 43. Nd1 (43. Na4 $142 Bd4 44. b3) 43... Bd4 {[%emt 0:00:31] Strongly threatening ...b3.} 44. Kg2 Rc1 {[%emt 0:01:37] White must now prevent ...b3.} 45. Kf3 c5 46. b3 c4 47. bxc4 Rxc4 48. Ke2 Rc1 (48... b3 $19 {[%cal Oh5h4] is more deadly. Hoping for ...h4!} 49. Kd3 Rc1) 49. Rd3 $17 Rb1 (49... Rc2+ $142 50. Ke1 Rg2) 50. Ne3 $2 {[%emt 0:01:27] [#]} (50. Kd2 $17) 50... b3 $1 $19 51. Nc4 {[%emt 0:00:24] [#]} b2 $1 ({Wrong is} 51... Rc1 $2 52. Nxe5+ Bxe5 53. Rxb3 $19) 52. Rb3 Rh1 53. Nd2 {[%emt 0:01:07] Against b1Q} (53. Nxb2 Rh2+ 54. Kf1 Bxb2 55. Kg1) 53... Rxh3 {[%emt 0:00:40] And now ...Rh1 would win.} 54. Rb8 Rh1 {[%emt 0:00:42] Threatens to win with ...Rc1.} 55. Kd3 Rc1 56. Rb3 Kg5 57. Nf3+ Kg4 58. Nxd4 b1=Q+ 59. Rxb1 Rxb1 60. Nf5 Re1 {[%emt 0:01:00] Weighted Error Value: White=0.98/Black=0.28 (precise)} 0-1

[Event "Mitropa Cup Women 2022"]
[Site "Corte"]
[Date "2022.05.07"]
[Round "8.7"]
[White "Sedina, Elena"]
[Black "Janzelj, Lara"]
[Result "0-1"]
[ECO "C50"]
[WhiteElo "2249"]
[BlackElo "2191"]
[Annotator "TA"]
[PlyCount "82"]
[EventDate "2022.04.30"]
[EventType "team-tourn"]
[EventCountry "FRA"]
[SourceTitle "playchess.com"]
[Source "ChessBase"]
[SourceQuality "1"]
[WhiteTeam "Italy"]
[BlackTeam "Slovenia"]
[WhiteTeamCountry "ITA"]
[BlackTeamCountry "SLO"]
[TimeControl "40/5400+30:1800+30"]

1. e4 e5 2. Nf3 Nc6 3. Bc4 Bc5 4. d3 Nf6 5. a4 a6 6. O-O O-O 7. c3 d6 8. a5 {[%emt 0:02:03] C54: Giuoco Piano: 4 c3 Nf6, main lines with 5 d4 and 5 d3.} h6 9. b4 Ba7 10. Be3 {[%emt 0:00:15] The position is equal.} Be6 {[%emt 0:05:39] [#]} 11. Bxe6 $146 ({Predecessor:} 11. Nbd2 Qe7 12. Qb3 Kh8 13. Bxa7 Rxa7 14. Rfe1 Nh5 15. g3 Raa8 16. Nf1 Qf6 {0-1 (30) Bozilov,D-Dimitrijevic,R (1945) Niska Banja 2004}) 11... fxe6 12. Nbd2 Qe8 13. Bxa7 Rxa7 14. d4 exd4 15. Nxd4 e5 16. Nf5 Kh7 17. f3 Nh5 18. Nc4 Nd8 19. Nce3 Ne6 20. Nd5 Ra8 21. Ra2 Rd8 22. g3 Qf7 23. Rg2 c6 24. Nde3 d5 $1 25. Qc2 g6 26. Nh4 {[%emt 0:00:25] Threatens to win with Ng4.} Ng5 27. exd5 cxd5 28. Rd2 Qe6 {[%emt 0:03:02] [#]} (28... Nf6 $11) 29. Qd1 (29. Nxd5 $1 $14 e4 30. fxe4 Rxf1+ 31. Kxf1) 29... Nf6 $11 30. Qc2 Qe8 31. Rfd1 Qf7 32. Re2 Rd6 $2 {[%emt 0:01:19][%mdl 8192] [#]} (32... Rd7 $11) 33. Rf1 $2 (33. Nc4 $1 $18 Nfe4 (33... dxc4 34. Rxd6) 34. Nxd6 (34. Nxe5 Qe6 $18) 34... Nxd6 35. Rxe5) 33... d4 34. cxd4 ({Wrong is} 34. Nc4 $2 Qxc4 35. Qxg6+ Kh8 36. Qxh6+ Nfh7 37. Qxd6 Qxe2 38. Qxe5+ (38. Ng6+ $2 Kg8 $19) 38... Qxe5 $19) 34... exd4 35. Qd3 {[%emt 0:00:36] Strongly threatening Nc4.} Rc8 {[%emt 0:02:21][%cal Bf8c8,Bc8c3,Bc3b3][%mdl 32] [#] Prevents Nc4.} 36. Nef5 $1 Rd7 {[%emt 0:01:33] [#] ...Rc3 is the strong threat.} 37. Rfe1 $2 Rc3 $19 ({Don't go for} 37... gxf5 $2 38. Qxf5+ Kg8 39. f4 $19) 38. Qb1 (38. Nxh6 $142 Kxh6 39. Qd2) 38... Rb3 39. Qa2 gxf5 40. Re7 Rxe7 41. Rxe7 Qxe7 {[%emt 0:30:15] Weighted Error Value: White=0.74/Black=0.28 (precise)} 0-1

[Event "Mitropa Cup Women 2022"]
[Site "Corte"]
[Date "2022.05.07"]
[Round "8.8"]
[White "Vidic, Teja"]
[Black "Gueci, Tea"]
[Result "0-1"]
[ECO "B22"]
[WhiteElo "2168"]
[BlackElo "2248"]
[Annotator "TA"]
[PlyCount "137"]
[EventDate "2022.04.30"]
[EventType "team-tourn"]
[EventCountry "FRA"]
[SourceTitle "playchess.com"]
[Source "ChessBase"]
[SourceQuality "1"]
[WhiteTeam "Slovenia"]
[BlackTeam "Italy"]
[WhiteTeamCountry "SLO"]
[BlackTeamCountry "ITA"]
[TimeControl "40/5400+30:1800+30"]

1. e4 c5 2. c3 d5 3. exd5 Qxd5 4. d4 Bf5 5. Nf3 Nc6 6. Be2 {[%emt 0:00:25] B22: Sicilian: 2 c3.} cxd4 7. cxd4 Bxb1 8. Rxb1 {[%emt 0:00:05] The position is equal.} e6 9. O-O Nf6 10. b4 {[%emt 0:02:54][%cal Bb2b4,Bb4b5][%mdl 32] aiming for b5.} Bd6 11. b5 Ne7 12. Rb3 (12. Ne5 $5 ) 12... O-O {[%emt 0:04:38] [#]} 13. Re1 $146 ({Predecessor:} 13. Bb2 Ng6 14. g3 Rfd8 15. Nd2 Bf8 16. Bf3 Qd7 17. Nc4 Rac8 18. Qe2 Nd5 19. Rd1 {1-0 (58) Bryant,J (2417)-Sarkar,J (2389) Calgary 2019}) 13... Ng6 14. Bd3 Nf4 15. Bb1 Qh5 16. h3 Rac8 17. Bxf4 Bxf4 18. Qe2 Rfd8 19. g3 Bc7 20. Kg2 Ba5 21. Rd1 Nd5 22. Qd3 (22. Qb2 $1 $11) 22... Rc3 {[%emt 0:02:14] Black is more active.} (22... Rc7 $17) 23. Rxc3 $11 Nxc3 24. Rc1 {[%emt 0:00:13] Strongly threatening g4.} Nxb1 (24... Nxb5 $2 25. Rc5 Qh6 26. Rxb5 $18) 25. Qxb1 Bb6 26. Re1 (26. Qb4 $11 {remains equal.}) 26... Bxd4 $17 27. Qe4 Bb6 28. a4 Qd5 29. Qf4 f6 30. Re2 e5 31. Qf5 Qd7 32. Qc2 Qd3 33. Qa2+ {[%emt 0:00:14] [#]} Qd5 $1 34. Qc2 g6 35. h4 {[%emt 0:01:47] [#]} (35. Rd2 $142 Bd4 36. Re2) 35... Kg7 ({Black should try} 35... Ba5 $1 36. Re4 Qe6) 36. Rd2 Bd4 37. Re2 {[%emt 0:02:56] Inhibits e4.} h5 38. Qc7+ Rd7 39. Qc1 Bb6 ({Better is} 39... Re7 $17 40. Qc2 Bb6) 40. Qc2 $2 {[%emt 0:00:26] Now White is beyond hope.} (40. Rd2 $15 Bd4 41. Re2) 40... Rc7 $19 41. Qa2 Qxa2 42. Rxa2 {[%emt 0:00:06][%mdl 4096] Endgame KRB-KRN} Ba5 43. Kf1 Kf7 44. Ke2 Ke6 45. Nd2 b6 46. Rb2 Bxd2 47. Kxd2 {[%emt 0:01:41] KR-KR} Rc4 48. Ra2 Rc5 49. Ke3 g5 50. hxg5 fxg5 51. f3 $2 (51. Ra1 {was worth a try.}) 51... Rc3+ 52. Ke4 Rb3 53. Ra1 h4 54. gxh4 gxh4 55. Ra2 (55. a5 $142 Rxb5 56. axb6 axb6 57. Ra8) 55... Rb4+ 56. Ke3 Kf5 {[%emt 0:00:21] Hoping for ...h3.} 57. a5 Rxb5 58. axb6 (58. Ra4 $142 Rb3+ 59. Kf2 Rb2+ 60. Kg1) 58... axb6 59. Ra4 Rb3+ 60. Kf2 Rb2+ 61. Ke3 h3 62. Rh4 h2 63. Rh5+ Kg6 64. Rh8 b5 65. Ke4 b4 {[%emt 0:01:53] ( -> ...b3)} 66. Kxe5 Re2+ {[%emt 0:00:52] Black mates.} 67. Kd4 b3 68. Kd3 {[%emt 0:00:03] [#]} b2 $1 69. Kd4 {Weighted Error Value: White=0.47/Black=0.12 (very precise)} (69. Kxe2 b1=Q) 0-1

[Event "Mitropa Cup Women 2022"]
[Site "Corte"]
[Date "2022.05.07"]
[Round "8.8"]
[White "Buchholz, Maja"]
[Black "Zhuang, Yongzhe"]
[Result "1-0"]
[ECO "C43"]
[WhiteElo "1945"]
[BlackElo "1701"]
[Annotator "TA"]
[PlyCount "83"]
[EventDate "2022.04.30"]
[EventType "team-tourn"]
[EventCountry "FRA"]
[SourceTitle "playchess.com"]
[Source "ChessBase"]
[SourceQuality "1"]
[WhiteTeam "Germany"]
[BlackTeam "Switzerland"]
[WhiteTeamCountry "GER"]
[BlackTeamCountry "SUI"]
[TimeControl "40/5400+30:1800+30"]

1. e4 e5 2. Nf3 Nf6 3. d4 Nxe4 4. Bd3 d5 5. Nxe5 Nd7 6. Nxd7 Bxd7 7. O-O Bd6 8. Nc3 Nxc3 9. bxc3 O-O 10. Qh5 {[%emt 0:00:51][%csl Gd3,LRd5,LRh7][%cal Rh5h7] Prevents Qh4. C43: Petroff Defence: 3 d4.} f5 11. Re1 Qf6 (11... g6 $5 12. Qf3 Bc6 $11) 12. Qf3 {[%emt 0:00:23] The position is equal.} Bc6 13. Bf4 g6 14. Be5 Bxe5 15. Rxe5 Rae8 16. Rae1 {[%emt 0:01:00][%cal Ba1e1,Be1e5,Be5e6][%mdl 32] Hoping for Rxe8.} Rxe5 17. Rxe5 {[%emt 0:00:42] [#]} Qg5 $146 ({Predecessor:} 17... Qf7 18. h4 Re8 19. Qf4 Rxe5 20. Qxe5 h5 21. Kh2 Kf8 22. Kh3 Qe7 23. Qh8+ Kf7 {½-½ (49) Zawadzka,J (2400)-Zatonskih,A (2420) Wroclaw 2019}) 18. h3 Qc1+ 19. Kh2 Qa3 20. Qe3 {[%emt 0:04:42] Black is now going downhill.} f4 (20... Qxa2 $2 21. Re7 Rf6 22. Qe5 $18) ({Black should play} 20... Qd6 $14) 21. Qe1 $16 Qd6 (21... Qxa2 $2 22. Re7 Be8 23. Rxe8 $18) 22. Re6 Qd7 {[%emt 0:00:37] [#]} (22... Qd8 $16 {is a better defense.}) 23. Qe5 $1 $18 {[%emt 0:02:40] And now Re7 would win.} Qg7 {[%emt 0:02:22] [#]} 24. Qg5 $40 {[%emt 0:03:49][%mdl 128] White is out for blood.} Re8 $2 (24... Kh8 25. f3 Qf7) 25. Rxe8+ Bxe8 26. Qxd5+ {[%emt 0:02:16][%mdl 4096] Endgame KQB-KQB} Bf7 27. Qxb7 Qf6 28. Qxc7 f3 29. Bc4 Bxc4 30. Qxc4+ {KQ-KQ} Kg7 31. Qc7+ Kh6 32. g4 {aiming for Kg3.} g5 33. Qe5 Qf8 34. Kg3 {Black must now prevent d5.} Qd8 35. d5 Kg6 36. d6 {Intending c4 and mate.} Qb8 37. Qf5+ {[%emt 0:01:53] White mates.} Kg7 38. Qxg5+ Kf7 39. Qe7+ Kg6 40. h4 h5 41. Qg5+ Kf7 42. Qxh5+ {[%emt 0:00:09] Weighted Error Value: White=0.10 (very precise) /Black=0.75} 1-0

[Event "Mitropa Cup Women 2022"]
[Site "Corte"]
[Date "2022.05.08"]
[Round "9.1"]
[White "Gaal, Zsoka"]
[Black "Zimina, Olga"]
[Result "0-1"]
[ECO "E62"]
[WhiteElo "2323"]
[BlackElo "2336"]
[Annotator "TA"]
[PlyCount "68"]
[EventDate "2022.04.30"]
[EventType "team-tourn"]
[EventCountry "FRA"]
[SourceTitle "playchess.com"]
[Source "ChessBase"]
[SourceQuality "1"]
[WhiteTeam "Hungary"]
[BlackTeam "Italy"]
[WhiteTeamCountry "HUN"]
[BlackTeamCountry "ITA"]
[TimeControl "40/5400+30:1800+30"]

1. Nf3 Nf6 2. c4 g6 3. g3 Bg7 4. Bg2 d6 5. d4 O-O 6. Nc3 Nc6 7. O-O e5 8. dxe5 dxe5 9. Qxd8 Rxd8 10. Bg5 Be6 11. Rac1 {[%emt 0:11:26] E62: King's Indian: Fianchetto: 6...c6 and Panno Variation (6...Nc6) without ...a6.} h6 12. Bxf6 Bxf6 13. Ne4 (13. b3 $11 {keeps the balance.}) 13... Be7 $17 14. b3 f5 15. Nc3 e4 16. Ne1 {[%emt 0:01:11] [#]} Ba3 $146 {[%emt 0:05:49][%mdl 2048] White is under strong pressure. Black is more active.} ({Predecessor:} 16... a6 17. Bh3 Kf7 18. Ng2 g5 19. Ne3 Nd4 20. Rcd1 c6 21. Rxd4 Rxd4 22. Bxf5 Bxf5 23. Nxf5 {0-1 (44) Montoya Diaz,C (2136)-Chaucanes,L (2061) Medellin 2015}) 17. Rd1 (17. Rb1 $17) 17... Rxd1 $19 18. Nxd1 Nd4 19. f3 Nxe2+ 20. Kh1 f4 {[%emt 0:10:01][%cal Bf5f4,Bf4g3][%mdl 32] [#] Strongly threatening ...Rd8.} 21. Nc2 Bc5 {[%emt 0:17:10] aiming for ...Rd8. A strong pair of Bishops.} 22. fxe4 (22. gxf4 {is a better defense.} Rf8 23. fxe4) 22... fxg3 23. Bf3 {[%emt 0:06:25] [#]} Bh3 $1 24. Re1 (24. Bg2 Bxg2+) 24... Rf8 25. Bg2 Bxg2+ 26. Kxg2 Nf4+ 27. Kxg3 Nd3 28. Rh1 Bd6+ 29. Kg2 Rf4 30. Rf1 $2 (30. Ne1 $17 Nc5 31. Nf2) 30... Rh4 ({Don't blunder} 30... Rxe4 $2 31. Nde3 $19) 31. Nde3 $2 (31. Rh1) 31... Rxh2+ 32. Kg1 Rd2 {[%emt 0:05:46] And now ...Bh2+ would win.} 33. Rd1 $2 (33. Rf3) 33... Bh2+ 34. Kh1 Nf2+ {[%emt 0:00:09] White did not feel at home in the position after the opening.  Weighted Error Value: White=0.56/Black=0.15 (very precise)} 0-1

[Event "Mitropa Cup Women 2022"]
[Site "Corte"]
[Date "2022.05.08"]
[Round "9.1"]
[White "Movsesian, Julia"]
[Black "Cvitan, Ena"]
[Result "1-0"]
[ECO "B12"]
[WhiteElo "2313"]
[BlackElo "2251"]
[Annotator "TA"]
[PlyCount "93"]
[EventDate "2022.04.30"]
[EventType "team-tourn"]
[EventCountry "FRA"]
[SourceTitle "playchess.com"]
[Source "ChessBase"]
[SourceQuality "1"]
[WhiteTeam "Czech Republic"]
[BlackTeam "Croatia"]
[WhiteTeamCountry "CZE"]
[BlackTeamCountry "CRO"]
[TimeControl "40/5400+30:1800+30"]

1. e4 c6 2. d4 d5 3. e5 Bf5 4. Nd2 e6 5. Nb3 c5 6. Bb5+ {[%emt 0:00:46] B12: Caro-Kann: Advance Variation.} (6. dxc5 {is more complex.} Bxc5 7. Nxc5 Qa5+ 8. c3) 6... Nc6 7. dxc5 Bxc5 8. Bxc6+ {[%emt 0:00:24] White is slightly better.} (8. a4 $5 Bf8 9. Nf3 $11) 8... bxc6 9. Nxc5 Qa5+ 10. c3 Qxc5 11. Nf3 Qc4 {[%emt 0:06:06] [#]} 12. Qb3 $146 {[%emt 0:08:55] aiming for Qb7.} ({Predecessor:} 12. Be3 Ne7 13. Qb3 Qa6 14. Bc5 Kd7 15. Bxe7 Kxe7 16. Qb4+ c5 17. Qxc5+ Kd7 18. Nd2 {1-0 (48) Fedoseev,V (2704)-Bluebaum,M (2642) Chess.com INT 2022}) 12... Qxb3 13. axb3 Ne7 14. Be3 Kd7 {[%emt 0:02:36] Black is on the road to losing.} 15. Kd2 {[%emt 0:01:19] White is more active.} a5 16. Ra3 Rhb8 17. Rha1 Be4 (17... Ng6 $142) 18. Ne1 f6 19. exf6 gxf6 20. b4 Nf5 21. Bc5 {[%emt 0:12:36] Against d4} Nd6 {[%emt 0:00:56] ...Nc4+ is the strong threat.} 22. Bxd6 Kxd6 23. Rxa5 Rxa5 24. Rxa5 $16 {[%emt 0:00:03][%mdl 4096] Endgame KRB-KRN} Rb7 25. g3 e5 26. Ra6 h5 27. Nd3 Bxd3 28. Kxd3 {[%emt 0:00:01] KR-KR} Rb8 29. h4 f5 (29... Kd7 $16 30. Kc2 Rh8) 30. Ra7 $18 {[%emt 0:05:12] Strongly threatening Rh7.} Rf8 {[%emt 0:00:26] [#]} (30... Rh8 {was necessary.} 31. Rg7 Rh6) 31. Rh7 $1 f4 32. Rh6+ ({Weaker is} 32. Rxh5 fxg3 33. fxg3 (33. Rh6+ Kd7 $16) 33... Rf3+ 34. Ke2 Rxg3 $16) 32... Kd7 33. Rxh5 fxg3 34. fxg3 Rf3+ 35. Ke2 Rxg3 36. Rxe5 Rg2+ 37. Kd3 Rxb2 $2 (37... Rh2 38. h5 Kd6) 38. Re2 Rb1 {[%emt 0:00:03] [#]} 39. Rh2 $1 Rd1+ 40. Kc2 Ra1 41. Kb2 Ra8 42. h5 {[%emt 0:01:34][%cal Bh4h5,Bh5h6,Bh6h7][%mdl 32] Hoping for h6.} c5 43. bxc5 (43. h6 $142 Rd8 44. h7) 43... Kc6 44. h6 Kxc5 45. h7 Rh8 46. Rh4 {[%emt 0:00:08] White threatens Kb3 and mate.} Kd6 47. Kc2 {[%emt 0:00:13] Weighted Error Value: White=0.06 (flawless) /Black=0.42} 1-0

[Event "Mitropa Cup Women 2022"]
[Site "Corte"]
[Date "2022.05.08"]
[Round "9.1"]
[White "Borosova, Zuzana"]
[Black "Heinatz, Gundula"]
[Result "0-1"]
[ECO "B12"]
[WhiteElo "2265"]
[BlackElo "2117"]
[Annotator "TA"]
[PlyCount "86"]
[EventDate "2022.04.30"]
[EventType "team-tourn"]
[EventCountry "FRA"]
[SourceTitle "playchess.com"]
[Source "ChessBase"]
[SourceQuality "1"]
[WhiteTeam "Slovakia"]
[BlackTeam "Switzerland"]
[WhiteTeamCountry "SVK"]
[BlackTeamCountry "SUI"]
[TimeControl "40/5400+30:1800+30"]

1. e4 c6 2. d4 d5 3. e5 Bf5 4. h4 c5 5. g4 Bc8 {[%emt 0:00:57] [#]} 6. Nc3 $146 {[%emt 0:04:33] B12: Caro-Kann: Advance Variation.} ({Predecessor:} 6. dxc5 Nc6 7. Bf4 e6 8. Nf3 Bxc5 9. Bd3 Nge7 10. Nbd2 f6 11. Qe2 Ng6 12. Bxg6+ hxg6 {1-0 (46) Hector,J (2492)-Hove,E (2280) Allerod 2019}) 6... cxd4 7. Qxd4 Nc6 8. Bb5 {[%emt 0:02:31] The position is equal.} a6 9. Bxc6+ bxc6 10. Na4 e6 11. Be3 Rb8 12. b3 Qc7 13. c3 (13. Nf3 $11 {remains equal.}) 13... h5 $17 14. Ne2 (14. g5 $142) 14... Ne7 (14... hxg4 $142 15. O-O-O Nh6) 15. g5 Nf5 16. Qd2 (16. Qf4 $142) 16... c5 $1 ({Resist} 16... Qxe5 17. Bf4 Qe4 18. f3 Qxf3 19. Rf1 $16) 17. f4 Bd7 18. Nb2 Bc6 {[%emt 0:08:33][%cal Od5d4] White must now prevent ...d4!} 19. Rh3 a5 {[%emt 0:02:03] Black is more active.} 20. Bf2 Be7 21. Ng3 Nxg3 22. Rxg3 c4 {[%emt 0:03:38][%cal Bc5c4,Bc4b3][%mdl 32] Inhibits Nd3.} 23. Bd4 (23. Qc2 $17) 23... O-O 24. Qf2 (24. bxc4 $142 Ba3 25. Nd1) 24... cxb3 $19 25. a4 Bd7 26. Kd2 Rfc8 27. g6 {[%emt 0:00:29] Strongly threatening gxf7+.} fxg6 (27... Rf8 $19 28. gxf7+ Rxf7) 28. Rxg6 $17 Be8 29. Rxe6 {[%emt 0:00:49] [#]} (29. Rxg7+ $17 {was the only chance.} Kxg7 30. Rg1+ Bg5 31. Rxg5+ Kh8 32. f5) 29... Bf7 $2 (29... Bb4 $1 $19 30. Rxe8+ (30. Qe3 Bd7) 30... Rxe8) 30. Rxe7 $11 Qxe7 {[%emt 0:00:08] Dancing on a razor blade.} 31. f5 {[%emt 0:00:02] Prevents Bg6.} Rc6 (31... Rb7 $11 {and Black has nothing to worry.}) 32. Rg1 $2 (32. e6 $18 Bg6 33. Rg1 (33. fxg6 Rxe6 34. Qf3 Qf8 $11)) 32... g6 $2 (32... Qa3 $14 33. Kd3 Rb7) 33. e6 $18 {[%emt 0:00:17] Threatens to win with Qf4.} Be8 34. Qf4 {[%emt 0:00:58] White threatens Qe5 and mate.} Rb4 (34... Qc7 $142 35. Qxc7 Rxc7) 35. Qe5 $2 {[%emt 0:00:59] [#]} ({White must play} 35. cxb4 $18 {Intending Qe5 and mate.} Rc2+ 36. Kd1) 35... Rxd4+ $1 $17 36. Qxd4 Qd6 (36... Qf8 $15 37. Rg5 (37. fxg6 Rxe6 38. Nd3 Qd6 $17) 37... Qa3) 37. Rg2 Rc7 38. Qe3 $2 (38. Ke3 $11) 38... d4 $1 $19 39. Qh6 dxc3+ {[%emt 0:00:09] Black mates.} 40. Ke1 Qe5+ 41. Kf1 Qxf5+ 42. Rf2 {[%emt 0:02:50] [#]} Qxf2+ $3 43. Kxf2 cxb2 {[%emt 0:00:07] Weighted Error Value: White=0.76/Black=0.48} 0-1